 Dungeon Crawl Stone Soup version 0.30.1-3-gfc49f6343a (webtiles) character file.

Game seed: 6300334071551427192

207 shmup the Firebug (level 5, 0/29 HPs)
             Began as a Tengu Fire Elementalist on July 21, 2023.
             Succumbed to Crazy Yiuf's poison
             ... on level 3 of the Dungeon on July 22, 2023.
             The game lasted 00:08:44 (3121 turns).

shmup the Firebug (Tengu Fire Elementalist)         Turns: 3121, Time: 00:08:45

Health: 0/29       AC:  2    Str:  9    XL:     5   Next: 85%
Magic:  0/9        EV: 15    Int: 17    God:
Gold:   96         SH:  0    Dex: 14    Spells: 5/8 levels left

rFire   + + .        f - +0 dagger (venom)
rCold   x . .        (no shield)
rNeg    . . .        a - +0 robe
rPois   .            (helmet restricted)
rElec   .            (no cloak)
rCorr   .            (no gloves)
SInv    .            (boots unavailable)
Will    .....        (no amulet)
Stlth   ++           o - ring of fire
HPRegen 0.24/turn    k - ring of protection from fire
MPRegen 0.11/turn

%: no passive effects
@: lethally poisoned (0 -> -11), flying quickly and evasively, very slightly
contaminated, quick
A: beak, talons 3, nimble flight
a: no special abilities


You were on level 3 of the Dungeon.
You visited 1 branch of the dungeon, and saw 3 of its levels.

You collected 96 gold pieces.

Inventory:

Hand Weapons
 f - a +0 dagger of venom (weapon)
Missiles
 l - 3 poisoned darts (quivered)
 s - 6 javelins
Armour
 a - a +0 robe (worn)
Jewellery
 k - a ring of protection from fire (right hand)
 o - a ring of fire (left hand)
Scrolls
 c - a scroll of acquirement {unknown}
 g - 3 scrolls of noise {unknown}
 j - a scroll of fog {unknown}
 m - 2 scrolls of butterflies {unknown}
 p - a scroll of poison {unknown}
 q - 2 scrolls of enchant armour {unknown}
 r - 2 scrolls of vulnerability {unknown}
 t - a scroll of teleportation {unknown}
 u - 2 scrolls of identify
 v - a scroll of immolation {unknown}
Potions
 b - a potion of magic
 d - 2 potions of haste
 e - 2 potions of might {unknown}
 h - a potion of heal wounds {unknown}
 i - a potion of curing
 n - 2 potions of ambrosia
 w - a potion of lignification {unknown}


   Skills:
 + Level 1.4 Fighting
 + Level 3.1 Dodging
 - Level 2.2 Stealth
 - Level 2.1 Spellcasting
 + Level 3.6 Conjurations
 * Level 5.2 Fire Magic


You had 5 spell levels left.
You knew the following spells:

 Your Spells              Type           Power      Damage    Failure   Level
a - Foxfire               Conj/Fire      100%       2x1d9     3%          1
b - Scorch                Fire           58%        2d7       3%          2

Your spell library contained the following spells:

 Spells                   Type           Power      Damage    Failure   Level
 Inner Flame              Hex/Fire       16%        N/A       21%         3
 Volatile Blastmotes      Fire/Tloc      32%        2d12      21%         3
 Flame Wave               Conj/Fire      25%        2d8       30%         4
 Call Canine Familiar     Summ           1%         N/A       50%         3
 Portal Projectile        Hex/Tloc       2%         N/A       50%         3
 Leda's Liquefaction      Hex/Erth       0%         N/A       88%         4


Dungeon Overview and Level Annotations

Branches:
Dungeon (3/15)

Altars:
Hepliaklqana

Shops:
D:1 =

Annotations:
D:3 3 runed translucent doors, TrollFarmer's ghost, weakling DEFE


Innate Abilities, Weirdness & Mutations

You have a beak for a mouth.
You have claws for feet.
Your magical nature lets you fly swiftly and evasively.


Message History

Crazy Yiuf hits you with a +2 quarterstaff of chaos.
Casting: Scorch (safe; 3% risk of failure)
Confirm with . or Enter, or press ? or * to list all spells.
You feel a surge of power!
Flames lash Crazy Yiuf.
Crazy Yiuf is lightly wounded.
Crazy Yiuf's fire resistance burns away.
Crazy Yiuf says, "Crazy?
Crazy!?
PORCUPINE!"
Crazy Yiuf barely misses you.
Casting: Scorch (safe; 3% risk of failure)
Confirm with . or Enter, or press ? or * to list all spells.
You feel a surge of power!
Flames lash Crazy Yiuf.
Crazy Yiuf is burned terribly!
Crazy Yiuf is severely wounded.
Crazy Yiuf hits you with a +2 quarterstaff of chaos.
Casting: Scorch (safe; 3% risk of failure)
Confirm with . or Enter, or press ? or * to list all spells.
You feel a surge of power!
Flames lash Crazy Yiuf.
Crazy Yiuf is burned terribly!
Crazy Yiuf is almost dead.
Crazy Yiuf closely misses you.
Casting: Scorch (safe; 3% risk of failure)
Confirm with . or Enter, or press ? or * to list all spells.
You don't have enough magic to cast this spell.
You hit Crazy Yiuf but do no damage.
Crazy Yiuf is almost dead.
Crazy Yiuf misses you.
You closely miss Crazy Yiuf. Your kick misses Crazy Yiuf.
Crazy Yiuf is almost dead.
Crazy Yiuf hits you with a +2 quarterstaff of chaos.
* * * LOW HITPOINT WARNING * * *
You feel your power leaking away.
You hit Crazy Yiuf but do no damage.
Crazy Yiuf is poisoned.
You claw Crazy Yiuf, but do no damage.
Crazy Yiuf is almost dead.
Crazy Yiuf hits you with a +2 quarterstaff of chaos!
* * * LOW HITPOINT WARNING * * *
You are lethally poisoned!
You hit Crazy Yiuf.
You kill Crazy Yiuf!
You die...

.▒...▒ ▒...▒ ▒▒▒▒▒▒
▒..... .▒▒'▒▒ ▒▒▒▒▒
▒...). ▒▒▒.▒ ▒.▒▒▒▒
▒.▒ ▒.▒ ▒.▒ ▒.▒ ▒.▒
▒.▒ ▒.▒ ▒▒▒
77▒▒▒▒▒.▒ ▒.▒
▒)..▒77 77.▒.....▒
▒.▒▒▒▒▒▒
▒...)Q7777......▒▒▒
▒......▒
▒...▒7..7......▒▒
▒▒▒▒▒▒.▒ ▒▒▒
777.7..▒.▒▒ ▒.▒
77777▒▒▒ ▒▒▒▒.▒
▒<...▒ ▒▒▒▒.▒ ▒▒▒


There were no monsters in sight!

Vanquished Creatures
  An orc priest (D:3)
  Crazy Yiuf (D:3)
  An orc wizard (D:3)
  Robin (D:3)
  6 adders (D:3)
  2 worms
  2 dart slugs (D:1)
  5 ball pythons
  4 bats
  4 endoplasms
  4 giant cockroaches
  7 goblins (D:3)
  7 hobgoblins (D:3)
  11 jackals
  6 kobolds
  3 frilled lizards
  6 rats
71 creatures vanquished.

Vanquished Creatures (others)
  An orc wizard (D:3)
  114 foxfires
115 creatures vanquished.

Grand Total: 186 creatures vanquished

Notes
Turn   | Place    | Note
-------+----------+-------------------------------------------
     0 | D:1      | shmup the Tengu Fire Elementalist began the quest for the
                  | Orb.
     0 | D:1      | Reached XP level 1. HP: 10/10 MP: 4/4
    66 | D:1      | Found Ibiank's Jewellery Shop.
   250 | D:1      | Reached XP level 2. HP: 15/15 MP: 4/6
   434 | D:1      | Learned a level 2 spell: Scorch
   843 | D:1      | Reached XP level 3. HP: 16/19 MP: 7/7
  1226 | D:2      | Reached skill level 4 in Fire Magic
  1955 | D:3      | Reached XP level 4. HP: 24/24 MP: 5/8
  2153 | D:3      | Gained mutation: Your magical nature lets you fly swiftly
                  | and evasively. [Tengu growth]
  2153 | D:3      | Reached XP level 5. HP: 28/28 MP: 4/9
  2229 | D:3      | Reached skill level 1 in Fighting
  2372 | D:3      | Reached skill level 5 in Fire Magic
  2556 | D:3      | Found a runed translucent gate.
  2556 | D:3      | Noticed TrollFarmer's ghost (weakling DEFE)
  2557 | D:3      | Found a runed translucent gate.
  2558 | D:3      | Found a runed translucent gate.
  2560 | D:3      | Identified the +2 leather armour "Iffuis" {rF+ Int-4
                  | Slay+3}
  2648 | D:3      | Found a hazy altar of Hepliaklqana.
  2704 | D:3      | Noticed Robin
  2738 | D:3      | Killed Robin
  2873 | D:3      | Found a runed translucent door.
  2874 | D:3      | Noticed Crazy Yiuf
  3039 | D:3      | Identified the +4 dagger of the End {venom, Str+3}
  3121 | D:3      | Killed Crazy Yiuf
  3121 | D:3      | Succumbed to Crazy Yiuf's poison

Illustrated notes

Levels and vault maps discovered:
D:1:      onia_arrival_pyramid, layout_basic, serial_shops,
          nicolae_shop_gaudy_bauble
D:2:      layout_loops_ring, minivault_24
D:3:      wad_crossroads, layout_basic, general_overflow_altar,
          biasface_ghost_orc_armoury, uniq_crazy_yiuf_cottage, uniq_robin

Skill      XL: |  1  2  3  4  5 |
---------------+----------------+-----
Conjurations   | 2 3 |  3.6
Fire Magic     | 4 5 |  5.2
Fighting       | 1 |  1.4
Dodging        | 3 |  3.1
Stealth        | |  2.2
Spellcasting   | |  2.1

Action                     |  1- 3 |  4- 6 || total
---------------------------+-------+-------++-------
  Melee: Dagger            |    26 |    21 ||    47
         Peck              |     7 |     2 ||     9
         Kick              |     7 |     5 ||    12
         Punch             |     1 |       ||     1
   Cast: Foxfire           |    35 |    37 ||    72
         Scorch            |    12 |    10 ||    22
    Use: Scroll            |     3 |       ||     3
 Armour: Robe              |    10 |     8 ||    18
  Dodge: Dodged            |    29 |    26 ||    55
